Map: Neon Violet Square LE

Players

Stephano - Winner!

  • Race: Zerg Zerg
  • Spawn Location: 5:00

DnS

  • Race: Protoss Protoss
  • Spawn Location: 11:00

Event: IEM Season 12 - Katowice

VOD

Have the link to the VOD?

Description

Time

  • Played on: Feb. 26, 2018, 4:55 a.m.
  • Length: 24:11

All games in this series

Show
View Real Time Build Order
Export as new Build Order

Stephano Zerg - Winner!

Build Orders: Hatch First, Brood Lord Corruptor 

Get SALT Encoding   

  12  0:00  Drone  
  13  0:13  Overlord  
  13  0:18  Drone  
  14  0:31  Drone x2  
  16  0:49  Hatchery  
  15  0:52  Drone  
  15  0:56  Drone  
  17  0:59  Drone  
  18  1:10  Extractor  
  17  1:15  Spawning Pool  
  17  1:18  Drone  
  17  1:21  Drone  
  18  1:29  Drone  
  19  1:39  Drone  
  20  1:52  Drone  
  21  2:02  Queen x2  
  21  2:03  Zergling x2  
  21  2:04  Overlord  
  26  2:14  Drone x2  
  28  2:15  Metabolic Boost  
  28  2:32  Hatchery  
  27  2:41  Drone x3  
  30  2:45  Overlord  
  30  2:47  Drone  
  31  2:54  Overlord  
  32  3:05  Drone x2, Queen  
  32  3:12  Zergling x2  
  36  3:13  Drone x3  
  36  3:15  Drone  
  36  3:19  Spore Crawler  
  39  3:24  Drone x2  
  41  3:28  Drone  
  41  3:31  Queen  
  44  3:38  Overlord  
  44  3:43  Overlord  
  44  3:45  Drone  
  44  3:47  Lair  
  45  3:51  Drone x2  
  45  3:55  Spore Crawler  
  46  3:58  Zergling x2  
  46  4:00  Drone x2  
  46  4:02  Drone  
  49  4:10  Drone  
  49  4:13  Drone x3  
  49  4:14  Drone  
  54  4:18  Drone, Queen  
  54  4:22  Drone x2  
  59  4:25  Drone x2  
  59  4:28  Evolution Chamber  
  60  4:31  Baneling Nest  
  60  4:34  Zergling x6  
  62  4:40  Spore Crawler  
  62  4:42  Drone x2  
  62  4:43  Drone x2  
  65  4:51  Hydralisk Den  
  63  4:56  Drone x2  
  63  4:57  Overlord  
  65  5:00  Overlord  
  65  5:01  Overlord  
  65  5:04  Zerg Melee Weapons Level 1  
  65  5:06  Extractor  
  64  5:08  Extractor x2  
  64  5:12  Overlord  
  62  5:17  Drone x3  
  62  5:21  Hydralisk  
  65  5:22  Zergling x2  
  65  5:23  Zergling x8  
  72  5:34  Drone x4  
  76  5:35  Hydralisk  
  76  5:38  Drone x2  
  76  5:39  Overlord  
  80  5:45  Hydralisk  
  80  5:47  Zergling x8  
  80  5:48  Hatchery  
  80  5:49  Baneling x2  
  82  5:58  Zergling x10  
  83  6:07  Hydralisk x3  
  83  6:10  Zergling x2  
  83  6:11  Zergling x2  
  84  6:12  Zergling x2  
  84  6:18  Zergling x4  
  82  6:22  Baneling x4  
  78  6:31  Drone x3  
  81  6:39  Drone x4  
  85  6:43  Drone x2  
  87  6:51  Centrifical Hooks  
  87  7:03  Zergling x6  
  87  7:04  Zergling x14  
  97  7:14  Baneling x7  
  97  7:15  Zergling x12  
  102  7:18  Overlord  
  102  7:24  Baneling x4  
  102  7:28  Zergling x2  
  103  7:32  Overlord  
  103  7:38  Baneling  
  103  7:39  Baneling x5, Zergling x2  
  103  7:40  Zergling x14  
  103  7:41  Overlord  
  111  7:47  Overlord  
  111  7:50  Extractor  
  109  7:51  Drone x5  
  109  7:55  Drone x6  
  109  7:56  Extractor, Overlord  
  119  8:04  Grooved Spines  
  119  8:09  Extractor  
  119  8:11  Overlord  
  118  8:17  Spore Crawler  
  118  8:18  Drone x4  
  121  8:24  Overlord  
  121  8:25  Overseer, Hatchery, Pneumatized Carapace  
  121  8:27  Zerg Melee Weapons Level 2  
  120  8:30  Evolution Chamber, Drone  
  120  8:31  Drone x5  
  123  8:45  Drone x2, Spire  
  123  8:46  Drone x5  
  123  8:48  Extractor, Hydralisk x2  
  132  8:56  Zergling x16  
  132  8:57  Zergling x6  
  143  9:06  Overlord  
  143  9:11  Zerg Missile Weapons Level 1  
  143  9:15  Muscular Augments  
  143  9:16  Zergling x26  
  155  9:17  Baneling  
  155  9:18  Baneling x7  
  155  9:24  Queen  
  155  9:25  Queen  
  155  9:48  Drone x4  
  155  9:49  Drone x2  
  155  9:50  Drone x3  
  156  9:58  Infestation Pit  
  156  9:59  Corruptor x8  
  171  10:09  Spine Crawler  
  171  10:11  Spine Crawler  
  171  10:13  Zerg Flyer Weapons Level 1, Corruptor x2  
  173  10:15  Overlord x2  
  173  10:28  Drone  
  173  10:29  Extractor  
  173  10:30  Drone  
  173  10:33  Extractor  
  173  10:38  Corruptor  
  173  10:40  Drone x5, Hive  
  173  10:41  Drone x2  
  182  10:44  Spine Crawler x2  
  182  10:47  Overlord x2  
  182  10:48  Overlord  
  179  10:51  Overseer  
  179  11:04  Hydralisk x7  
  179  11:05  Hydralisk x3  
  197  11:21  Overlord  
  197  11:30  Overseer  
  197  11:31  Overlord  
  197  11:32  Overlord  
  197  11:36  Hatchery  
  196  11:45  Zergling x6  
  199  11:49  Baneling x21  
  196  12:00  Zergling x26  
  196  12:16  Zergling x2  
  196  12:17  Zergling x4  
  196  12:20  Greater Spire  
  196  12:22  Baneling x15  
  130  12:45  Zergling x60  
  145  12:52  Hydralisk  
  145  12:53  Hydralisk x4  
  138  12:59  Corruptor x4  
  138  13:04  Drone x5  
  149  13:06  Zerg Missile Weapons Level 2, Zerg Melee Weapons Level 3  
  147  13:15  Hydralisk x8  
  163  13:23  Drone x7  
  163  13:25  Overseer  
  169  13:28  Spine Crawler, Extractor  
  169  13:33  Brood Lord  
  169  13:34  Brood Lord  
  169  13:35  Brood Lord  
  169  13:36  Brood Lord  
  169  13:37  Brood Lord x2  
  169  13:38  Brood Lord x2  
  169  13:41  Drone x6  
  189  14:05  Pathogen Glands  
  189  14:10  Spore Crawler  
  189  14:11  Spore Crawler  
  189  14:12  Brood Lord x2  
  189  14:14  Zerg Flyer Armor Level 1  
  189  14:20  Spore Crawler  
  189  14:21  Spore Crawler  
  189  14:22  Spore Crawler  
  184  14:25  Brood Lord x3  
  184  14:27  Spore Crawler  
  184  14:28  Spore Crawler  
  188  14:32  Spore Crawler x2  
  188  14:35  Spore Crawler  
  185  14:39  Overseer  
  185  14:40  Overseer  
  185  14:49  Adrenal Glands  
  184  14:57  Infestor x2  
  188  15:02  Spine Crawler, Extractor, Neural Parasite  
  188  15:03  Spine Crawler, Extractor  
  188  15:05  Spine Crawler  
  188  15:06  Spine Crawler  
  182  15:12  Infestor x3  
  188  15:28  Zerg Missile Weapons Level 3  
  186  15:32  Infestor  
  188  15:39  Infestor x2  
  188  15:42  Drone x7  
  199  15:43  Spore Crawler, Zerg Ground Armor Level 1  
  199  15:44  Hatchery  
  199  15:45  Spore Crawler  
  196  15:51  Drone x2  
  196  15:53  Spore Crawler  
  197  16:10  Zerg Flyer Armor Level 2  
  196  16:28  Infestor  
  198  16:40  Spore Crawler  
  198  16:42  Spore Crawler x2  
  198  16:43  Spore Crawler  
  198  16:44  Spore Crawler  
  193  16:59  Overseer  
  193  17:00  Overseer  
  193  17:01  Overlord  
  193  17:44  Extractor  
  193  17:45  Extractor  
  191  18:00  Spore Crawler  
  191  18:01  Spore Crawler  
  191  18:02  Spore Crawler  
  191  18:05  Spore Crawler  
  187  18:23  Corruptor  
  187  18:24  Corruptor x5  
  192  18:41  Corruptor x4  
  200  19:05  Spore Crawler  
  200  19:06  Spore Crawler  
  196  19:10  Zerg Flyer Armor Level 3  
  191  19:26  Infestor  
  191  19:27  Infestor x3  
  199  19:31  Zerg Ground Armor Level 2  
  199  19:38  Overseer  
  197  20:01  Drone  
  198  20:11  Spore Crawler  
  198  20:13  Spore Crawler  
  198  20:14  Spore Crawler  
  193  20:19  Drone  
  193  20:20  Spore Crawler  
  193  20:21  Spore Crawler  
  193  20:27  Spore Crawler  
  191  20:32  Spore Crawler  
  191  20:33  Spore Crawler  
  189  20:36  Infestor x5  
  187  21:06  Infestor x10  
  183  21:13  Infestor x8  
  199  21:46  Zerg Flyer Weapons Level 2  
  199  21:52  Overseer x2  
  197  22:11  Corruptor  
  197  22:12  Corruptor  
  200  22:58  Brood Lord x2  
Show
View Real Time Build Order
Export as new Build Order

DnS Protoss 

Build Orders: 1 Gate Expand, Oracle Opening, Phoenix Opening, Carriers 

Get SALT Encoding   

  12  0:00  Probe  
  13  0:12  Probe  
  14  0:20  Pylon  
  14  0:24  Probe  
  15  0:38  Probe (Chrono Boost)  
  15  0:41  Gateway  
  16  0:47  Probe (Chrono Boost)  
  16  0:49  Assimilator  
  17  0:52  Probe (Chrono Boost)  
  18  1:04  Probe  
  19  1:16  Probe  
  20  1:24  Nexus  
  20  1:34  Cybernetics Core  
  20  1:37  Probe  
  21  1:42  Assimilator  
  21  1:49  Probe  
  21  1:52  Pylon  
  22  2:01  Probe  
  23  2:08  Stalker (Chrono Boost)  
  23  2:10  Warp Gate  
  23  2:13  Probe  
  26  2:25  Probe (Chrono Boost)  
  26  2:28  Stargate  
  27  2:36  Probe (Chrono Boost)  
  28  2:37  Probe (Chrono Boost)  
  28  2:38  Adept  
  31  2:45  Probe (Chrono Boost)  
  31  2:46  Probe (Chrono Boost)  
  31  2:50  Probe (Chrono Boost)  
  33  2:51  Probe  
  33  2:58  Gateway  
  35  3:02  Probe  
  35  3:03  Probe  
  37  3:06  Adept  
  37  3:09  Oracle (Chrono Boost)  
  42  3:14  Probe  
  42  3:17  Probe  
  44  3:22  Pylon  
  44  3:26  Probe  
  45  3:29  Probe  
  45  3:32  Pylon  
  46  3:39  Gateway  
  46  3:40  Probe  
  47  3:45  Probe, Phoenix  
  50  3:54  Probe  
  50  3:55  Twilight Council  
  51  3:57  Assimilator  
  51  4:00  Probe  
  52  4:03  Pylon  
  52  4:06  Probe  
  53  4:13  Probe  
  54  4:17  Adept  
  54  4:18  Adept, Probe  
  59  4:25  Probe  
  59  4:27  Resonating Glaives (Chrono Boost)  
  59  4:31  Nexus  
  60  4:40  Adept x2  
  60  4:41  Adept  
  66  4:47  Probe, Pylon  
  66  4:50  Pylon  
  67  4:57  Probe  
  67  4:59  Probe  
  69  5:06  Adept x3  
  75  5:11  Robotics Facility  
  75  5:12  Assimilator  
  75  5:15  Probe x2  
  77  5:25  Pylon  
  77  5:26  Adept  
  77  5:27  Adept, Probe  
  77  5:28  Adept  
  84  5:37  Probe  
  84  5:39  Probe  
  84  5:41  Forge  
  86  5:42  Pylon  
  86  5:43  Probe  
  87  5:50  Sentry x3  
  87  5:51  Probe  
  87  5:56  Immortal (Chrono Boost)  
  94  6:01  Robotics Bay  
  94  6:04  Probe  
  99  6:08  Probe  
  99  6:09  Probe  
  95  6:16  Probe, Adept  
  95  6:17  Adept x2  
  98  6:20  Probe  
  98  6:23  Probe  
  98  6:27  Charge (Chrono Boost), Gateway  
  98  6:28  Gateway  
  98  6:30  Gateway  
  98  6:42  Probe x2  
  98  6:43  Probe, Protoss Ground Weapons Level 1 (Chrono Boost), Assimilator  
  98  6:45  Assimilator  
  99  6:48  Colossus (Chrono Boost)  
  99  6:51  Shield Battery  
  99  6:52  Pylon  
  99  6:54  Probe  
  106  6:55  Probe  
  106  6:56  Probe  
  106  7:01  Gateway  
  108  7:03  Gateway  
  108  7:08  Extended Thermal Lance  
  108  7:12  Probe x2  
  110  7:27  Colossus (Chrono Boost)  
  116  7:37  Probe x2, Nexus  
  116  7:38  Probe, Pylon  
  119  7:46  Templar Archives  
  119  7:49  Probe  
  120  7:53  Probe  
  120  7:56  Assimilator  
  120  7:58  Photon Cannon  
  121  7:59  Assimilator  
  121  8:05  Colossus (Chrono Boost)  
  121  8:12  Pylon  
  127  8:13  Pylon, Gateway  
  127  8:16  Gateway  
  127  8:18  Gateway  
  127  8:19  Gateway  
  127  8:20  Protoss Ground Weapons Level 2 (Chrono Boost)  
  127  8:23  High Templar x3  
  127  8:27  Archon  
  133  8:32  High Templar  
  135  8:36  Archon, Photon Cannon  
  135  8:44  Zealot x2, High Templar x2  
  135  8:48  Colossus (Chrono Boost)  
  143  8:49  Archon  
  143  8:54  Gateway  
  143  8:59  Gateway  
  143  9:00  Photon Cannon  
  149  9:04  Zealot x4  
  149  9:05  Zealot x2  
  161  9:13  High Templar  
  161  9:16  High Templar  
  163  9:19  Pylon x2  
  163  9:20  Pylon x2  
  163  9:24  Archon  
  161  9:51  High Templar x4  
  161  9:52  High Templar x2  
  157  9:54  Immortal (Chrono Boost)  
  157  9:56  Archon x3  
  161  10:01  Nexus  
  161  10:02  Pylon  
  161  10:05  Pylon  
  161  10:06  Shield Battery x2  
  161  10:07  Pylon  
  161  10:08  Psionic Storm  
  161  10:10  Shield Battery  
  161  10:12  Photon Cannon  
  161  10:13  Photon Cannon  
  161  10:14  Pylon  
  161  10:23  Warp Prism (Chrono Boost)  
  163  10:32  High Templar x4  
  163  10:35  Zealot  
  173  10:38  Photon Cannon  
  173  10:40  Shield Battery  
  173  10:42  Shield Battery, Photon Cannon, High Templar  
  175  10:43  Photon Cannon  
  175  10:52  Immortal, Photon Cannon  
  175  10:56  Pylon  
  176  11:00  Protoss Ground Weapons Level 3 (Chrono Boost)  
  176  11:01  High Templar x2  
  180  11:05  Archon  
  180  11:13  Assimilator  
  180  11:14  Photon Cannon  
  180  11:16  Assimilator  
  180  11:17  Photon Cannon  
  170  11:29  High Templar x2  
  170  11:31  Zealot x3  
  170  11:32  Zealot x6  
  192  11:34  Archon  
  192  11:41  Fleet Beacon, Observer  
  193  11:49  High Templar x2  
  193  11:53  Archon  
  193  12:12  Zealot x3  
  199  12:19  Stargate  
  199  12:20  Stargate  
  199  12:22  Stargate  
  199  12:23  Stargate  
  161  12:40  Mothership (Chrono Boost)  
  135  12:50  High Templar x3  
  135  12:51  High Templar  
  129  12:54  High Templar  
  129  12:55  Zealot x2  
  129  12:56  Zealot x6  
  143  13:06  Void Ray (Chrono Boost)  
  143  13:11  Void Ray (Chrono Boost)  
  141  13:16  Void Ray (Chrono Boost)  
  141  13:19  Void Ray (Chrono Boost)  
  149  13:20  Protoss Air Weapons Level 1 (Chrono Boost)  
  149  13:22  Void Ray (Chrono Boost)  
  147  13:27  Zealot x2  
  147  13:28  Zealot x5  
  165  13:51  Void Ray (Chrono Boost)  
  165  13:54  Carrier (Chrono Boost)  
  171  13:55  Carrier (Chrono Boost)  
  171  13:58  Observer  
  173  14:03  Graviton Catapult  
  173  14:13  Carrier (Chrono Boost)  
  181  14:18  Carrier (Chrono Boost)  
  171  14:30  Shield Battery x2  
  177  14:34  Stalker  
  177  14:35  Zealot  
  181  14:40  Carrier (Chrono Boost)  
  181  14:41  Zealot  
  183  14:50  Protoss Shields Level 1  
  181  15:01  Carrier (Chrono Boost)  
  181  15:04  Warp Prism  
  193  15:09  Protoss Air Weapons Level 2 (Chrono Boost)  
  193  15:14  Carrier (Chrono Boost)  
  193  15:19  Zealot  
  194  15:37  Carrier (Chrono Boost)  
  194  15:41  Observer  
  195  15:46  Carrier (Chrono Boost)  
  199  16:03  Carrier (Chrono Boost)  
  195  16:14  Cybernetics Core  
  185  16:25  Carrier  
  185  16:26  Carrier  
  185  16:28  Zealot  
  199  16:34  Protoss Shields Level 2, Observer  
  199  16:38  Nexus  
  199  16:40  Pylon  
  199  16:42  Pylon  
  198  16:49  Photon Cannon  
  198  16:50  Photon Cannon  
  198  17:03  Protoss Air Armor Level 1 (Chrono Boost)  
  198  17:16  Photon Cannon  
  198  17:18  Shield Battery, Photon Cannon  
  198  17:19  High Templar  
  198  17:21  Photon Cannon  
  200  17:23  Photon Cannon  
  200  17:24  Protoss Air Weapons Level 3 (Chrono Boost), Photon Cannon  
  200  17:26  Photon Cannon  
  200  17:29  Assimilator  
  200  17:33  Assimilator  
  197  17:47  Oracle (Chrono Boost)  
  198  18:15  Zealot x2  
  198  18:16  Zealot x5  
  181  18:42  High Templar x4  
  181  18:43  High Templar x3  
  181  18:44  High Templar x3  
  199  18:48  Archon x3  
  199  18:49  Archon x2  
  189  19:21  High Templar x3  
  189  19:22  High Templar x2  
  199  19:25  Archon  
  199  19:26  Archon  
  193  19:35  Observer  
  194  19:38  Pylon  
  194  19:39  Protoss Air Armor Level 2 (Chrono Boost)  
  186  20:01  Nexus  
  186  20:04  High Templar x2  
  186  20:05  Zealot x4  
  198  20:09  Archon  
  198  20:27  High Templar  
  200  20:29  Photon Cannon  
  200  20:31  Photon Cannon  
  200  20:32  Pylon  
  162  21:16  High Templar x5  
  166  21:41  High Templar  
  166  21:42  High Templar x2  
  172  21:47  Archon  
  172  22:01  High Templar  
  169  22:08  Archon  
  169  22:30  High Templar x2  
  169  22:31  High Templar x2  
  169  22:35  Archon  
  169  22:36  Archon  

Tags
 
Add a new tag
Caveats
  • Supply blocks, unpowered buildings, or Contaminate may cause inaccurate times.
  • Supply counts are checked every 10 seconds.